 Dungeon Crawl Stone Soup version 0.31-a0-217-g58bb5d79cf (webtiles) character file.

Game seed: 14482009002016958497

1472 qw the Cleaver (level 8, 0/51 HPs)
             Began as a Gargoyle Fighter on July 2, 2023.
             Was an Initiate of Okawaru.
             Killed from afar by Maggie (8 damage)
             ... with a bolt of fire
             ... on level 6 of the Dungeon.
             The game lasted 00:03:46 (4883 turns).

qw the Cleaver (Gargoyle Fighter)                   Turns: 4883, Time: 00:03:46

Health: 0/51       AC: 15    Str: 25 (26) XL:     8   Next: 78%
Magic:  8/8        EV:  7    Int:  5 (8)  God:    Okawaru [......]
Gold:   291        SH:  7    Dex:  6 (8)  Spells: 7/7 levels left

rFire   . . .        a - +1 war axe (vamp)
rCold   . . .        w - +0 kite shield
rNeg    + . .        m - +0 chain mail
rPois   inf          (no helmet)
rElec   +            o - +0 cloak
rCorr   +            (no gloves)
SInv    +            (no boots)
Will    .....        g - amulet of faith Stlth
                     f - ring of see invisible
HPRegen 0.28/turn    u - ring of resist corrosion
MPRegen 0.11/turn

%: faith
@: no status effects
A: sickness immunity, AC +5, negative energy resistance 1, electricity
resistance, torment resistance 1, petrification resistance, strong 1
a: Renounce Religion


You were on level 6 of the Dungeon.
You worshipped Okawaru.
Okawaru was noncommittal.
You visited 2 branches of the dungeon, and saw 7 of its levels.
You also visited: Sewer.

You collected 291 gold pieces.


Innate Abilities, Weirdness & Mutations

You are immune to sickness and miasma.
Your stone body is resilient. (AC +5)
You are immune to poison.
You resist negative energy. (rN+)
You are resistant to electric shocks. (rElec)
You are resistant to unholy torment.
You are immune to petrification.
Your muscles are strong. (Str +4, Int/Dex -1)


   Skills:
 - Level 6.2 Fighting
 - Level 8.3 Axes
 - Level 3.2 Armour
 - Level 1.2 Dodging
 + Level 4.4 Shields


You had 7 spell levels left.
You didn't know any spells.
Your spell library was empty.

Inventory:

Hand Weapons
 a - a +1 vampiric war axe (weapon)
 h - a +0 flail
 j - a +0 broad axe
Armour
 m - a +0 chain mail (worn)
 o - a +0 cloak (worn)
 w - a +0 kite shield (worn)
Jewellery
 f - a ring of see invisible (left hand)
 g - an amulet of faith (around neck)
 u - a ring of resist corrosion (right hand)
Scrolls
 b - a scroll of enchant armour {unknown}
 i - a scroll of identify
Potions
 d - a potion of might
 e - a potion of curing
 k - a potion of ambrosia {unknown}
 l - 2 potions of lignification
 n - a potion of attraction {unknown}
 p - a potion of brilliance {unknown}
 q - a potion of haste {unknown}
 r - a potion of invisibility {unknown}
 t - a potion of magic {unknown}
 v - a potion of mutation

Dungeon Overview and Level Annotations

Branches:
Dungeon (6/15)             Temple (1/1) D:6           Sewer (visited)

Altars:
Ashenzari
Cheibriados
Dithmenos
Fedhas
Gozag
Hepliaklqana
Kikubaaqudgha
Makhleb
Nemelex Xobeh
Okawaru
Qazlal
Ru
Sif Muna
Trog
Uskayaw
Vehumet
Wu Jian
Xom

Shops:
D:4 =

Annotations:
D:6 Maggie


Message History

There is an open door here.
Enter note: You hit Maggie.
Maggie is lightly wounded.
Maggie gestures wildly while chanting.
Maggie attempts to bespell you!
You are mesmerised by Maggie!
Maggie hits you but does no damage.
You barely miss Maggie.
Maggie is lightly wounded.
Maggie closely misses you.
You slash Maggie!
Maggie is moderately wounded.
You block Maggie's attack.
You hit Maggie.
Maggie is moderately wounded.
Maggie hits you with a +4 glaive of flaming.
Maggie burns you.
You slash Maggie!
You feel better.
Maggie is heavily wounded.
You block Maggie's attack.
Maggie hits you with a +4 glaive of flaming!
Maggie burns you.
You closely miss Maggie.
Maggie is heavily wounded.
Maggie hits you but does no damage.
You slash Maggie!
Maggie is severely wounded.
You break out of your daze.
Maggie points at you and mumbles some strange words.
The bolt of fire hits you!!
You slash Maggie!
You feel better.
Maggie is almost dead.
Maggie hits you with a +4 glaive of flaming!
Maggie burns you.
You closely miss Maggie.
Maggie is almost dead.
Maggie points at you and mumbles some strange words.
The bolt of fire hits you!
You die...

#.##..######
#..........#
+..........#
#.....##...# .
#.....##...# ..
#.....##...# ..
#.....#....######.
#.....#....'....#.
#@######..?##.....
#......@....######.....
#...........#...##..#..
#...........# .......#.
#...........#........(>
#...........##+###...#.
#.$..............##.#..
#....#######...........
#..........#


You could see Maggie.

Vanquished Creatures
  Eustachio (D:5)
  A black bear (D:5)
  An ice beast (D:5)
  An ogre (D:5)
  Blork the orc (D:5)
  2 kobold brigands
  A gnoll sergeant (D:5)
  A scorpion (D:5)
  3 orc priests
  3 hounds
  A sleepcap (D:6)
  Natasha (thrice) (D:4)
  2 iguanas
  A mummy (D:5)
  8 gnolls
  3 river rats
  11 adders
  A white imp (D:5)
  6 worms
  6 dart slugs
  16 orcs
  10 bats
  16 endoplasms
  8 giant cockroaches
  16 hobgoblins
  13 kobolds
  7 quokkas
  14 ball pythons
  6 frilled lizards
  8 goblins
  14 rats
185 creatures vanquished.

Notes
Turn   | Place    | Note
-------+----------+-------------------------------------------
     0 | D:1      | qw the Gargoyle Fighter began the quest for the Orb.
     0 | D:1      | Reached XP level 1. HP: 14/14 MP: 1/1
     0 | D:1      | 0 ||| qw: Version: 0.3-a-40-ge99b1a8
     0 | D:1      | 0 ||| qw: Game counter: 115
     0 | D:1      | 0 ||| qw: Melee chars always use a shield: true
     0 | D:1      | 0 ||| qw: God list: Okawaru
     0 | D:1      | 0 ||| qw: Allow faded altars: false
     0 | D:1      | 0 ||| qw: Do Orc after clearing Dungeon:15 true
     0 | D:1      | 0 ||| qw: Do second Lair branch before Depths: true
     0 | D:1      | 0 ||| qw: Lair rune preference: random
     0 | D:1      | 0 ||| qw: Goals: Normal, Zot:1-4, Slime:5, God:TSO, Crypt,
                  | Tomb, Abyss, Pan, Hells, Win
     0 | D:1      | 0 ||| PLANNING D:1-11
    84 | D:1      | Reached skill level 2 in Axes
   139 | D:1      | Reached XP level 2. HP: 19/19 MP: 2/2
   212 | D:1      | Found a faded altar of an unknown god.
   273 | D:1      | 273 ||| Stepping ~*~*~tactically~*~*~ (stealth).
   569 | D:1      | Reached skill level 3 in Axes
   593 | D:1      | Reached XP level 3. HP: 23/23 MP: 3/3
   649 | D:1      | 649 ||| Stepping ~*~*~tactically~*~*~ (stealth).
   653 | D:1      | 653 ||| Stepping ~*~*~tactically~*~*~ (hiding).
   916 | D:1      | 916 ||| READING scroll labelled XUCUEBLETO.
   916 | D:1      | Identified a scroll of acquirement
   916 | D:1      | 916 ||| ACQUIRING +1 vampiric war axe
   916 | D:1      | Acquired a +1 vampiric war axe
   918 | D:1      | 918 ||| SWAPPING to +1 vampiric war axe.
   919 | D:1      | 919 ||| READING scroll labelled TUIRAJ EMMOOTH.
   920 | D:1      | 920 ||| READING 2 scrolls labelled EFIKLO FOSEQA.
   923 | D:1      | 923 ||| READING scroll labelled LOECZU ICEHAST.
   924 | D:1      | 924 ||| READING scroll labelled WIULUOSHOC.
  1096 | D:2      | Found an ancient bone altar of Kikubaaqudgha.
  1123 | D:2      | 1123 ||| FLEEEEING.
  1124 | D:2      | 1124 ||| FLEEEEING.
  1125 | D:2      | 1125 ||| FLEEEEING.
  1126 | D:2      | 1126 ||| FLEEEEING.
  1148 | D:2      | Reached XP level 4. HP: 28/28 MP: 4/4
  1249 | D:2      | Reached skill level 4 in Axes
  1424 | D:2      | 1424 ||| Stepping ~*~*~tactically~*~*~ (stealth).
  1448 | D:2      | 1448 ||| DROPPING +0 club.
  1588 | D:2      | 1588 ||| UPGRADING to amulet of faith.
  1593 | D:2      | 1593 ||| READING scroll labelled OXUISO IFECIOR.
  1594 | D:2      | 1594 ||| READING scroll labelled UWOYGH AWKIW.
  1595 | D:2      | 1595 ||| READING 2 scrolls of identify.
  1595 | D:2      | 1595 ||| IDENTIFYING blue potion
  1627 | D:3      | 1627 ||| PLANNING SEWER
  1661 | D:3      | 1661 ||| Stepping ~*~*~tactically~*~*~ (stealth).
  1662 | D:3      | 1662 ||| Stepping ~*~*~tactically~*~*~ (stealth).
  1679 | D:3      | Reached XP level 5. HP: 30/32 MP: 5/5
  1730 | D:3      | Found a glowing drain.
  1731 | D:3      | 1731 ||| UPGRADING to ring of see invisible.
  1732 | D:3      | 1732 ||| READING scroll labelled FUISOM WOIKHUETZ.
  1754 | D:3      | 1754 ||| Stepping ~*~*~tactically~*~*~ (stealth).
  1755 | D:3      | 1755 ||| Stepping ~*~*~tactically~*~*~ (stealth).
  1785 | Sewer    | Entered a sewer
  1796 | Sewer    | 1796 ||| Stepping ~*~*~tactically~*~*~ (water).
  1839 | Sewer    | Reached skill level 5 in Axes
  1906 | Sewer    | 1906 ||| Stepping ~*~*~tactically~*~*~ (water).
  1965 | Sewer    | 1965 ||| Stepping ~*~*~tactically~*~*~ (stealth).
  1966 | Sewer    | 1966 ||| Stepping ~*~*~tactically~*~*~ (stealth).
  1981 | Sewer    | Noticed a kobold brigand
  1999 | Sewer    | Killed a kobold brigand
  2000 | Sewer    | Reached XP level 6. HP: 39/39 MP: 6/6
  2009 | Sewer    | 2009 ||| Stepping ~*~*~tactically~*~*~ (water).
  2051 | Sewer    | 2051 ||| Stepping ~*~*~tactically~*~*~ (stealth).
  2079 | Sewer    | 2079 ||| Stepping ~*~*~tactically~*~*~ (hiding).
  2175 | Sewer    | 2175 ||| READING scroll labelled ZEOCAZ TASTUOPN.
  2176 | Sewer    | 2176 ||| READING scroll labelled RARHIA WOLI.
  2177 | Sewer    | 2177 ||| DRINKING 2 fuming brown potions.
  2177 | Sewer    | Gained mutation: You have hidden genetic potential. [potion
                  | of mutation]
  2177 | Sewer    | Gained mutation: You occasionally lose the ability to drink
                  | potions when taking damage. [potion of mutation]
  2177 | Sewer    | Gained mutation: You are agile. (Dex +4, Str/Int -1)
                  | [potion of mutation]
  2177 | Sewer    | Gained mutation: Your muscles are strong. (Str +4, Int/Dex
                  | -1) [potion of mutation]
  2178 | Sewer    | 2178 ||| DRINKING potion of mutation.
  2178 | Sewer    | Lost mutation: You have hidden genetic potential. [potion
                  | of mutation]
  2178 | Sewer    | Lost mutation: Your muscles are strong. (Str +4, Int/Dex
                  | -1) [potion of mutation]
  2178 | Sewer    | Lost mutation: You are agile. (Dex +4, Str/Int -1) [potion
                  | of mutation]
  2178 | Sewer    | Gained mutation: Your muscles are strong. (Str +4, Int/Dex
                  | -1) [potion of mutation]
  2178 | Sewer    | Lost mutation: You occasionally lose the ability to drink
                  | potions when taking damage. [potion of mutation]
  2179 | Sewer    | 2179 ||| DRINKING 2 dark potions.
  2191 | D:3      | 2191 ||| PLANNING D:1-11
  2481 | D:3      | Found a burning altar of Makhleb.
  2570 | D:3      | 2570 ||| DROPPING +0 war axe.
  2667 | D:3      | 2667 ||| DROPPING +0 whip.
  2731 | D:3      | 2731 ||| READING 2 scrolls of identify.
  2731 | D:3      | 2731 ||| IDENTIFYING glowing ruby potion
  2928 | D:4      | HP: 9/39 [orc priest/divine providence (12)]
  2929 | D:4      | 2929 ||| READING scroll of teleportation.
  2930 | D:4      | 2930 ||| DRINKING 3 potions of heal wounds.
  2975 | D:4      | 2975 ||| Stepping ~*~*~tactically~*~*~ (stealth).
  2976 | D:4      | 2976 ||| Stepping ~*~*~tactically~*~*~ (stealth).
  3244 | D:4      | 3244 ||| Stepping ~*~*~tactically~*~*~ (stealth).
  3249 | D:4      | Reached XP level 7. HP: 44/44 MP: 7/7
  3262 | D:4      | 3262 ||| Stepping ~*~*~tactically~*~*~ (stealth).
  3263 | D:4      | 3263 ||| Stepping ~*~*~tactically~*~*~ (stealth).
  3367 | D:4      | Found Dimu's Jewellery Shoppe.
  3367 | D:4      | Noticed Natasha
  3376 | D:4      | Killed Natasha
  3377 | D:4      | Reached skill level 6 in Axes
  3502 | D:4      | 3502 ||| SHOPLISTING +4 ring of slaying (1092 gold, have
                  | 265).
  3502 | D:4      | 3502 ||| SHOPLISTING +6 ring of strength (504 gold, have
                  | 265).
  3502 | D:4      | 3502 ||| SHOPLISTING amulet of reflection (420 gold, have
                  | 265).
  3502 | D:4      | 3502 ||| SHOPLISTING amulet of regeneration (420 gold, have
                  | 265).
  3502 | D:4      | 3502 ||| SHOPLISTING ring of the Enemy {rElec rC+ rCorr}
                  | (624 gold, have 265).
  3638 | D:4      | Noticed Natasha
  3639 | D:4      | 3639 ||| Stepping ~*~*~tactically~*~*~ (stealth).
  3641 | D:4      | 3641 ||| Stepping ~*~*~tactically~*~*~ (hiding).
  3646 | D:4      | Killed Natasha
  3647 | D:4      | Reached skill level 1 in Dodging
  3693 | D:4      | Noticed Natasha
  3706 | D:4      | Killed Natasha
  3820 | D:4      | 3820 ||| UPGRADING to +0 cloak.
  3825 | D:4      | 3825 ||| READING scroll labelled RUIROCU TODU.
  3879 | D:5      | Entered Level 5 of the Dungeon
  3980 | D:5      | Found an ancient bone altar of Kikubaaqudgha.
  4004 | D:5      | Noticed Eustachio
  4029 | D:5      | HP: 5/44 [iron imp[Eustachio] (8)]
  4030 | D:5      | 4030 ||| DRINKING 2 potions of heal wounds.
  4035 | D:5      | Killed Eustachio
  4170 | D:5      | Reached skill level 7 in Axes
  4184 | D:5      | Found a snail-covered altar of Cheibriados.
  4219 | D:5      | Reached XP level 8. HP: 46/49 MP: 8/8
  4311 | D:5      | Reached skill level 8 in Axes
  4437 | D:5      | 4437 ||| FLEEEEING.
  4438 | D:5      | 4438 ||| FLEEEEING.
  4440 | D:5      | 4440 ||| FLEEEEING.
  4441 | D:5      | 4441 ||| FLEEEEING.
  4442 | D:5      | 4442 ||| FLEEEEING.
  4443 | D:5      | 4443 ||| FLEEEEING.
  4444 | D:5      | 4444 ||| FLEEEEING.
  4445 | D:5      | 4445 ||| FLEEEEING.
  4446 | D:5      | 4446 ||| FLEEEEING.
  4447 | D:5      | 4447 ||| FLEEEEING.
  4448 | D:5      | 4448 ||| FLEEEEING.
  4449 | D:5      | 4449 ||| FLEEEEING.
  4450 | D:5      | 4450 ||| FLEEEEING.
  4451 | D:5      | 4451 ||| FLEEEEING.
  4452 | D:5      | 4452 ||| FLEEEEING.
  4458 | D:5      | HP: 12/51 [orc priest/divine providence (14)]
  4459 | D:5      | 4459 ||| DRINKING potion of heal wounds.
  4466 | D:5      | Reached skill level 6 in Fighting
  4566 | D:5      | Noticed Blork the orc
  4567 | D:5      | 4567 ||| Stepping ~*~*~tactically~*~*~ (hiding).
  4568 | D:5      | 4568 ||| Stepping ~*~*~tactically~*~*~ (hiding).
  4575 | D:5      | Killed Blork the orc
  4611 | D:5      | 4611 ||| UPGRADING to +0 chain mail.
  4621 | D:5      | 4621 ||| DROPPING +0 scale mail.
  4622 | D:5      | 4622 ||| UPGRADING to +0 kite shield.
  4632 | D:5      | 4632 ||| DROPPING +0 buckler.
  4633 | D:5      | 4633 ||| UPGRADING to ring of resist corrosion.
  4634 | D:5      | 4634 ||| DRINKING 3 fuming coppery potions.
  4635 | D:5      | 4635 ||| DROPPING 2 potions of degeneration.
  4655 | D:6      | Found a staircase to the Ecumenical Temple.
  4656 | D:6      | 4656 ||| PLANNING TEMPLE
  4656 | D:6      | 4656 ||| STAIRDANCE
  4661 | D:6      | 4661 ||| STAIRDANCE
  4689 | D:6      | 4689 ||| STAIRDANCE
  4693 | D:6      | 4693 ||| STAIRDANCE
  4697 | D:6      | 4697 ||| STAIRDANCE
  4705 | D:6      | 4705 ||| STAIRDANCE
  4709 | D:6      | 4709 ||| STAIRDANCE
  4713 | D:6      | 4713 ||| STAIRDANCE
  4717 | D:6      | 4717 ||| STAIRDANCE
  4721 | D:6      | 4721 ||| STAIRDANCE
  4725 | D:6      | 4725 ||| STAIRDANCE
  4729 | D:6      | 4729 ||| STAIRDANCE
  4733 | D:6      | 4733 ||| STAIRDANCE
  4737 | D:6      | 4737 ||| STAIRDANCE
  4741 | D:6      | 4741 ||| STAIRDANCE
  4745 | D:6      | 4745 ||| STAIRDANCE
  4749 | D:6      | 4749 ||| STAIRDANCE
  4753 | D:6      | 4753 ||| STAIRDANCE
  4757 | D:6      | 4757 ||| STAIRDANCE
  4762 | D:6      | 4762 ||| STAIRDANCE
  4787 | Temple   | Entered the Ecumenical Temple
  4788 | Temple   | 4788 ||| PLANNING OKAWARU WORSHIP
  4795 | Temple   | Became a worshipper of Warmaster Okawaru
  4796 | Temple   | 4796 ||| PLANNING D:1-11
  4873 | D:6      | Noticed Maggie
  4882 | D:6      | HP: 11/51 [Maggie/+4 glaive of flaming (14)]
  4883 | D:6      | Killed from afar by Maggie

Levels and vault maps discovered:
D:1:      kennysheep_arrival_seaside, layout_loops_ring,
          shapermc_ecumenical_altar_ellora, grunt_decor_junction
D:2:      layout_rooms, basic_altar, minmay_increasing_density
D:3:      layout_basic, mainiacjoe_overflow_alcove_4, serial_aquarium,
          aquarium_bridge_square [aquarium_subvault_bridge,
          aquarium_subvault_wall, aquarium_subvault_bridge,
          aquarium_subvault_window], aquarium_window_1, aquarium_window_3,
          aquarium_window_corner, aquarium_view_2b, aquarium_balcony_5b,
          aquarium_pool_four, portal_sewer_entry_a, st_stairs_2,
          nrook_loot_triangle
D:4:      layout_cave_pods, serial_shops, shop, uniq_natasha
D:5:      dreamdust_elfheim, layout_rooms, slow_altar_1,
          nicolae_overflow_crystal_walls, uniq_blork_the_orc, uniq_eustachio
D:6:      layout_gridville, minmay_temple_entry_crystal_x, serial_shops,
          nicolae_shop_tiny_real_fake_doors, uniq_maggie
Temple:   nicolae_temple_no_exploring_needed

Skill      XL: |  1  2  3  4  5  6  7  8 |
---------------+-------------------------+-----
Axes           | 2 3 4 5 7 8 |  8.3
Fighting       | 4 5 6 |  6.2
Dodging        | 1 |  1.2
Shields        | 4 |  4.4
Armour         | |  3.2

Action                     |  1- 3 |  4- 6 |  7- 9 || total
---------------------------+-------+-------+-------++-------
  Melee: War axe           |    97 |   330 |   196 ||   623
  Throw: Boomerang         |     5 |       |       ||     5
    Use: Scroll            |     5 |     8 |     1 ||    14
         Potion            |       |     4 |     3 ||     7
 Armour: Scale mail        |    53 |   153 |    65 ||   271
         Chain mail        |       |       |    35 ||    35
  Dodge: Dodged            |    46 |   133 |    92 ||   271
  Block: Buckler           |    16 |    65 |    27 ||   108
         Kite shield       |       |       |    18 ||    18

Table legend:
 A = Non-vault XP
 B = Vault XP
 C = Vault XP percentage of total XP
 D = Non-vault monster count
 E = Vault monster count
 F = Vault count percentage of total count
                 A         B        C        D         E       F
            +---------+---------+-------+---------+---------+-------
      Total |    1499 |     604 |  28.7 |     142 |      43 |  23.2
            +---------+---------+-------+---------+---------+-------
        D:1 |      42 |       0 |   0.0 |      24 |       0 |   0.0
        D:2 |      89 |      22 |  19.8 |      24 |      10 |  29.4
        D:3 |      89 |      36 |  28.8 |      28 |       9 |  24.3
        D:4 |     231 |      35 |  13.2 |      33 |       1 |   2.9
        D:5 |     967 |     320 |  24.9 |      30 |       3 |   9.1
        D:6 |      81 |       0 |   0.0 |       3 |       0 |   0.0
      Sewer |       0 |     191 | 100.0 |       0 |      20 | 100.0
            +---------+---------+-------+---------+---------+-------
